 Dungeon Crawl Stone Soup version 0.21.1-1-g345015fe64 (webtiles) character file.

153776 Peloso the Peltast (level 17, -5/158 HPs)
             Began as a Minotaur Fighter on Apr 11, 2018.
             Was the Champion of Okawaru.
             Killed from afar by a lindwurm (26 damage)
             ... with a blast of flame
             ... on level 4 of the Swamp.
             The game lasted 01:48:49 (32699 turns).

Peloso the Peltast (Minotaur Fighter)              Turns: 32699, Time: 01:48:50

Health: -5/158     AC: 34    Str: 31    XL:     17   Next: 5%
Magic:  16/17      EV: 20    Int: 13    God:    Okawaru [******]
Gold:   1591       SH: 12    Dex: 19    Spells: 16/16 levels left

rFire    . . .     SeeInvis +   U - +8 long sword of Woallic {freeze, rPois Int+4}
rCold    . . .     Gourm    +   D - +1 buckler {rPois}
rNeg     + . .     Faith    .   g - +9 chain mail of the Constellations {rElec MR+ Str+3 Dex+3}
rPois    +         Spirit   .   T - +2 hat {MR+}
rElec    +         Reflect  .   J - +1 cloak of Snakes and Ladders {rElec Int+4 SInv}
rCorr    .         Harm     .   N - +0 pair of gloves
MR       +++..                  n - +1 pair of boots {Stlth+}
Stlth    ++........             S - amulet of the gourmand
HPRegen  0.36/turn              H - ring of see invisible
MPRegen  0.15/turn              B - ring "Gahuuphi" {rN+ Str+3 Dex+3}

@: about to teleport, heroism, very slightly contaminated
A: retaliatory headbutt, horns 2
a: Heroism, Finesse, Renounce Religion


You were on level 4 of the Swamp.
You worshipped Okawaru.
Okawaru was exalted by your worship.
You were very full.

You visited 4 branches of the dungeon, and saw 27 of its levels.
You also visited: Labyrinth, Bailey and Volcano.

You collected 3936 gold pieces.
You spent 2345 gold pieces at shops.

Inventory:

Hand Weapons
 a - a +3 falchion of flaming
 x - the +2 long sword of Inolace {flame, +Blink +Rage Str-3 SInv}
   (You bought it in a shop on level 2 of the Orcish Mines)

   It has been specially enchanted to burn those struck by it, causing extra
   injury to most foes and up to half again as much damage against particularly
   susceptible opponents.
   Big, fiery blades are also staple armaments of hydra-hunters.
   It affects your strength (-3).
   It lets you see invisible.
   It lets you blink.
   It lets you go berserk.
 C - the cursed +3 long sword of the Omega Point {slice, Int+5, unknown}
   (You found it on level 4 of the Swamp)

   It inflicts extra damage upon your enemies.
   It affects your intelligence (+5).
   It has a curse placed upon it.
 U - the +8 long sword of Woallic (weapon) {freeze, rPois Int+4}
   (Okawaru gifted it to you on level 6 of the Lair of Beasts)

   It has been specially enchanted to freeze those struck by it, causing extra
   injury to most foes and up to half again as much damage against particularly
   susceptible opponents.
   It can also slow down cold-blooded creatures.
   It affects your intelligence (+4).
   It protects you from poison.
Armour
 g - the +9 chain mail of the Constellations (worn) {rElec MR+ Str+3 Dex+3}
   (You bought it in a shop on level 12 of the Dungeon)

   It affects your strength (+3).
   It affects your dexterity (+3).
   It insulates you from electricity.
   It affects your resistance to hostile enchantments.
 n - a +1 pair of boots of stealth (worn)
 D - a +1 buckler of poison resistance (worn)
 J - the +1 cloak of Snakes and Ladders (worn) {rElec Int+4 SInv}
   (You found it on level 13 of the Dungeon)

   It affects your intelligence (+4).
   It insulates you from electricity.
   It lets you see invisible.
 N - a +0 pair of gloves (worn)
 T - a +2 hat of magic resistance (worn)
Jewellery
 i - an uncursed ring of protection from fire
 t - an uncursed amulet of magic regeneration {unknown}
 B - the ring "Gahuuphi" (right hand) {rN+ Str+3 Dex+3}
   (You found it on level 2 of the Lair of Beasts)

   [ring of dexterity]

   It affects your strength (+3).
   It affects your dexterity (+3).
   It protects you from negative energy.
 F - an uncursed ring of flight
 H - a ring of see invisible (left hand)
 L - an uncursed ring of protection from cold
 S - an amulet of the gourmand (around neck)
Wands
 o - a wand of paralysis (11)
Scrolls
 e - 13 scrolls of remove curse
 h - 9 scrolls of identify
 r - 7 scrolls of blinking
 u - 3 scrolls of teleportation
 v - 5 scrolls of fear
 y - a scroll of holy word
 z - a scroll of fog
 A - 3 scrolls of summoning
Potions
 b - 2 potions of heal wounds
 c - 2 potions of brilliance
 d - 3 potions of might
 j - 13 potions of curing
 k - 2 potions of haste
 l - 4 potions of berserk rage
 m - 5 potions of agility
 p - 2 potions of invisibility
 q - 2 potions of resistance
 w - a potion of magic
 O - 2 potions of flight
Comestibles
 f - 57 rations


   Skills:
 + Level 16.1(21.1) Fighting
 + Level 17.3(22.3) Long Blades
 + Level 15.8(20.8) Armour
 + Level 8.3(13.3) Dodging
 + Level 3.8(8.8) Stealth
 + Level 19.7(24.7) Shields
 + Level 2.5 Invocations


You had 16 spell levels left.
You didn't know any spells.

Dungeon Overview and Level Annotations

Branches:
Dungeon (15/15)            Temple (0/1) D:7            Lair (6/6) D:10
  Swamp (4/4) Lair:4        Snake (0/4) Lair:2        Slime (0/5) Lair:5
    Orc (2/2) D:9             Elf (0/3) Orc:2        Vaults (0/5) D:14
 Depths (0/5) D:15

Altars:
Dithmenos
Fedhas
Makhleb
Nemelex Xobeh
Okawaru
Qazlal
Ru
The Shining One
Beogh

Shops:
D:10 *   D:12 *[*   D:13 *   Orc:2 *!(=

Annotations:
Swamp:4 Bai Suzhen


Innate Abilities, Weirdness & Mutations

You reflexively headbutt those who attack you in melee.
You have a pair of horns on your head.


Message History

You feel strangely unstable. The lindwurm breathes flames at you.
The blast of flame hits you!
* * * LOW HITPOINT WARNING * * *
The 14-headed hydra is engulfed in a cloud of scalding steam.
The 14-headed hydra is engulfed in a cloud of scalding steam.
The 14-headed hydra dies!
The seven-headed hydra misses you. You furiously retaliate!
You headbutt the seven-headed hydra.
You riposte.
You slice the seven-headed hydra!!
The seven-headed hydra seems to slow down.
You freeze the seven-headed hydra.
You kill the seven-headed hydra!
Okawaru accepts your kill. Something appears at your feet!
Okawaru grants you a weapon!
The lindwurm is engulfed in a cloud of scalding steam.
The lindwurm breathes flames at you. The blast of flame hits you!
You die...

≈≈≈≈P♣♣♣♣†.♣♣
≈≈f≈ ♣♣..≈♣
§.. ♣♣..≈.♣
≈. ♣♣♣≈.[≈.♣
. ♣≈......♣
♣.≈≈≈.≈≈♣
♣.§§≈..≈.♣
≈≈♣§≈≈.†♣♣♣♣
≈..§.k§@≈♣♣♣
♣...≈≈≈..≈≈♣
♣♣♣♣♣
♣.≈.≈..♣.≈≈♣
♣♣.≈≈≈♣
♣≈♣..≈♣♣♣≈♣♣
..≈≈≈≈.
.....♣ ♣♣
≈≈≈≈≈≈≈ ≈≈≈≈≈
..≈≈♣ ≈≈≈≈
...♣ ≈≈..
..§♣ ≈≈.


You could see a lindwurm.

Vanquished Creatures
  Kirke (Swamp:2)
  2 storm dragons (D:15)
  3 thorn hunters
  Nessos (Orc:2)
  A vampire knight (D:15)
  An ettin (D:15)
  Erolcha (D:10)
  A minotaur (Lab)
  5 ogre magi
  An ice dragon (Lair:6)
  A yaktaur captain (D:15)
  23 hydras
  A rakshasa (D:15)
  A catoblepas (D:13)
  7 centaur warriors
  A ghost crab (Swamp:3)
  6 alligators
  10 two-headed ogres
  The ghost of Xenomina the Fighter, a novice DgFi (D:10)
  4 death knights (D:15)
  6 death yaks (Lair:4)
  The ghost of raetorn the Carver, a novice GnWn of Okawaru (D:8)
  A tengu warrior (D:9)
  A deep troll earth mage (D:15)
  Urug (D:15)
  An orc high priest (Orc:2)
  A spriggan druid (Swamp:1)
  3 skeletal warriors
  4 unseen horrors
  6 swamp dragons
  3 shambling mangroves
  5 orc knights
  A harpy (shapeshifter) (D:15)
  4 lindwurms
  4 deep elf magi
  A wolf spider (D:15)
  7 orc sorcerers
  4 manticores
  6 ugly things (D:15)
  Maurice (D:9)
  14 slime creatures
  6 cyclopes
  2 salamanders (shapeshifter) (D:15)
  5 torpor snails (Lair:6)
  7 elephants
  4 black mambas
  14 spiny frogs
  5 gargoyles
  4 centaur skeletons
  4 rime drakes
  2 kobold demonologists (D:15)
  A yaktaur (D:15)
  A freezing wraith (D:15)
  A komodo dragon (shapeshifter) (D:15)
  7 komodo dragons
  An efreet (D:15)
  A queen bee (Lair:2)
  6 tyrant leeches
  6 trolls
  12 hornets
  A meliai (shapeshifter) (D:9)
  A wolf spider simulacrum (D:15)
  A harpy skeleton (Volcano)
  A dream sheep (Lair:3)
  A blink frog (shapeshifter) (D:10)
  19 blink frogs
  12 hippogriffs
  2 bog bodies
  A flying skull (Volcano)
  An alligator skeleton (Volcano)
  2 wraiths (D:15)
  2 spriggans (Swamp:2)
  5 shadows
  7 wyverns
  4 hogs (Swamp:2)
  3 vampires
  25 yaks
  4 basilisks
  Grum (D:10)
  19 vampire mosquitoes
  2 steam dragons (Lair:2)
  2 hungry ghosts
  6 nagas (Lair:2)
  2 wargs
  19 swamp worms
  A soldier ant (shapeshifter) (D:15)
  10 insubstantial wisps
  A soldier ant (D:14)
  4 acid dragons
  11 water moccasins
  6 porcupines
  A hornet zombie (D:9)
  16 swamp drakes
  31 orc warriors
  9 ice beasts
  A phantom (D:11)
  2 sky beasts
  5 necrophages
  40 wolves
  11 ogres
  A boggart (D:15)
  15 centaurs
  14 crocodiles
  4 big kobolds
  17 bullfrogs
  A wyvern zombie (D:13)
  A wyvern skeleton (D:11)
  A water moccasin skeleton (D:8)
  A troll skeleton (Volcano)
  24 killer bees (Lair:2)
  An electric eel (Lair:4)
  5 howler monkeys
  7 wights
  7 crimson imps
  8 centaur zombies
  A quasit (D:10)
  2 bullfrog zombies
  6 jellies
  21 orc priests
  2 hounds
  Crazy Yiuf (D:5)
  3 iguanas
  33 orc wizards
  9 worker ants
  2 naga skeletons (Volcano)
  A hound skeleton (D:4)
  A howler monkey zombie (D:9)
  3 worker ant zombies
  A howler monkey skeleton (D:5)
  17 gnolls
  13 adders
  5 shadow imps
  4 oozes
  An adder skeleton (D:9)
  3 worms
  2 dart slugs
  4 leopard geckos
  96 orcs
  10 bats
  13 goblins
  8 hobgoblins
  9 jackals
  30 kobolds
  3 quokkas
  8 frilled lizards
  5 rats
  A briar patch (Swamp:4)
  A butterfly (Lair:1)
  2 plants (Lair:4)
956 creatures vanquished.

Vanquished Creatures (others)
  A hydra (Swamp:4)
  A wolf spider (D:15)
  2 flying skulls (Volcano)
  4 insubstantial wisps (Swamp:3)
  A porcupine (Lair:5)
  The ghost of Lusmu the Gusty, an amateur TeAE of Vehumet (D:3)
  An orc wizard (Orc:2)
  5 briar patches (Swamp:4)
  4 fungi
  22 plants
42 creatures vanquished.

Grand Total: 998 creatures vanquished

Notes
Turn   | Place    | Note
-------+----------+-------------------------------------------
     0 | D:1      | Peloso the Minotaur Fighter began the quest for the Orb.
     0 | D:1      | Reached XP level 1. HP: 19/19 MP: 0/0
   178 | D:1      | Reached XP level 2. HP: 27/27 MP: 1/1
   217 | D:1      | Reached skill level 4 in Shields
   692 | D:2      | Reached XP level 3. HP: 33/33 MP: 2/2
   789 | D:2      | Found a blossoming altar of Fedhas.
   897 | D:2      | Reached XP level 4. HP: 11/40 MP: 3/3
  1778 | D:3      | Noticed Lusmu's ghost (amateur TeAE)
  1944 | D:4      | Found a burning altar of Makhleb.
  1956 | D:4      | Found an iron altar of Okawaru.
  1965 | D:4      | Became a worshipper of Warmaster Okawaru
  2590 | D:5      | Entered Level 5 of the Dungeon
  2600 | D:5      | Reached skill level 5 in Shields
  2621 | D:5      | Reached XP level 5. HP: 34/46 MP: 4/4
  2622 | D:5      | Reached skill level 5 in Armour
  2729 | D:5      | Noticed an ogre
  2738 | D:5      | Killed an ogre
  2807 | D:5      | Reached XP level 6. HP: 11/53 MP: 5/5
  3044 | D:5      | Noticed an ice beast
  3055 | D:5      | Killed an ice beast
  3055 | D:5      | Reached * piety under Okawaru
  3055 | D:5      | Reached skill level 1 in Dodging
  3129 | D:5      | Found a runed door.
  3214 | D:5      | Reached skill level 5 in Long Blades
  3258 | D:5      | Reached XP level 7. HP: 60/60 MP: 6/6
  3318 | D:5      | Reached skill level 5 in Fighting
  3813 | D:5      | Reached ** piety under Okawaru
  4098 | D:5      | Noticed Crazy Yiuf
  4103 | D:5      | Killed Crazy Yiuf
  4103 | D:5      | Reached skill level 6 in Shields
  4232 | D:6      | Reached XP level 8. HP: 41/68 MP: 7/7
  4378 | D:6      | Found a glowing golden altar of the Shining One.
  5138 | D:3      | Killed Lusmu's ghost
  5272 | D:3      | Found a sacrificial altar of Ru.
  5695 | D:7      | Reached skill level 7 in Shields
  5810 | D:7      | Found a staircase to the Ecumenical Temple.
  6000 | D:7      | Reached *** piety under Okawaru
  6237 | D:7      | Reached XP level 9. HP: 75/78 MP: 2/8
  6388 | D:8      | Noticed raetorn's ghost (novice GnWn)
  6427 | D:8      | Killed raetorn's ghost
  6427 | D:8      | Reached skill level 8 in Shields
  6902 | D:8      | Found a sparkling altar of Nemelex Xobeh.
  7071 | D:8      | Reached **** piety under Okawaru
  7142 | D:9      | Reached skill level 10 in Long Blades
  7160 | D:9      | Reached skill level 9 in Shields
  7424 | D:9      | Found a shadowy altar of Dithmenos.
  7485 | D:9      | Reached XP level 10. HP: 63/84 MP: 3/9
  7608 | D:9      | Found a staircase to the Orcish Mines.
  7877 | D:9      | Noticed a cyclops
  7877 | D:9      | Noticed a tengu warrior
  7912 | D:9      | Reached ***** piety under Okawaru
  7912 | D:9      | Reached skill level 1 in Invocations
  7923 | D:9      | Killed a tengu warrior
  7923 | D:9      | Reached skill level 10 in Shields
  7943 | D:9      | Killed a cyclops
  7950 | D:9      | Identified the Incunabulum of Burning Conjuration
  8107 | D:9      | Got a bloodstained mace
  8107 | D:9      | Got a twisted halberd
  8495 | D:10     | Entered Level 10 of the Dungeon
  8495 | D:10     | Noticed Maurice
  8568 | D:10     | Reached skill level 10 in Armour
  8584 | D:10     | Found Tisotso's Assorted Antiques.
  8588 | D:10     | Noticed Xenomina's ghost (novice DgFi)
  8622 | D:10     | Noticed a gargoyle
  8641 | D:10     | Killed Xenomina's ghost
  8660 | D:10     | Killed a gargoyle
  8762 | D:10     | Reached skill level 1 in Stealth
  9082 | D:10     | Reached XP level 11. HP: 94/95 MP: 11/11
  9127 | D:10     | Noticed a two-headed ogre
  9136 | D:10     | Killed a two-headed ogre
  9136 | D:10     | Received a gift from Okawaru
  9221 | D:10     | Found a staircase to the Lair.
  9248 | D:10     | Bought a pair of embroidered boots for 187 gold pieces
  9275 | D:10     | Bought a runed scimitar for 175 gold pieces
  9275 | D:10     | Bought a ring of strength for 50 gold pieces
  9845 | D:10     | Noticed Grum
  9846 | D:10     | Noticed Erolcha
  9868 | D:10     | Killed Grum
  9886 | D:10     | Killed Erolcha
 10557 | D:11     | Reached skill level 11 in Shields
 10746 | D:11     | Reached ****** piety under Okawaru
 10927 | D:11     | Found a flagged portal.
 10943 | Bailey   | Entered a bailey
 11229 | Bailey   | Got a jet-encrusted scale mail
 11240 | Bailey   | Identified the +4 scale mail "Ofe Umm" {*Drain rN+++ Int+2} (You found it in a bailey)
 11531 | D:11     | Noticed a two-headed ogre
 11546 | D:11     | Killed a two-headed ogre
 11546 | D:11     | Received a gift from Okawaru
 11846 | D:12     | Found Yxuerir's Assorted Antiques.
 11864 | D:12     | Bought a scorched hand crossbow for 238 gold pieces
 11864 | D:12     | Identified the cursed +2 hand crossbow "Nivvurpho" {flame, rC+ MR+} (You bought it in a shop on level 12 of the Dungeon)
 11944 | D:12     | Found Nuopuidd's Assorted Antiques.
 11954 | D:12     | Bought a scroll labeled WEIJUPHUHU for 28 gold pieces
 11954 | D:12     | Bought a scroll labeled ZORALU RAFRUGH for 28 gold pieces
 11954 | D:12     | Found Goanaor's Antique Weapon Shop.
 12078 | D:12     | Noticed an unseen horror
 12103 | D:12     | Killed an unseen horror
 12209 | D:12     | Found Ritzy's Armour Shoppe.
 12435 | D:9      | Killed Maurice
 12435 | D:9      | Reached skill level 12 in Shields
 12467 | Orc:1    | Entered Level 1 of the Orcish Mines
 12566 | D:9      | Reached XP level 12. HP: 87/106 MP: 12/12
 13270 | Orc:1    | Found a roughly hewn altar of Beogh.
 13284 | Orc:1    | Reached skill level 10 in Fighting
 13553 | Orc:1    | Paralysed by an orc sorcerer for 4 turns
 13839 | Orc:2    | Entered Level 2 of the Orcish Mines
 13960 | Orc:2    | Found a staircase to the Elven Halls.
 14363 | Lair:1   | Entered Level 1 of the Lair of Beasts
 14491 | Lair:1   | Noticed a seven-headed hydra
 14503 | Lair:1   | Killed a one-headed hydra
 14503 | Lair:1   | Reached skill level 13 in Shields
 14576 | Lair:1   | Found a dark tunnel.
 14587 | Volcano  | Entered a volcano
 15011 | Volcano  | Received a gift from Okawaru
 15014 | Volcano  | Got an iridescent great sword {god gift}
 15015 | Volcano  | Identified the +6 great sword "Opsot" {venom, MP+9} (Okawaru gifted it to you in a volcano)
 15250 | Lair:1   | Noticed a seven-headed hydra
 15262 | Lair:1   | Killed a one-headed hydra
 15649 | D:12     | Bought the +9 chain mail of the Constellations {rElec MR+ Str+3 Dex+3} for 1307 gold pieces
 15890 | Lair:2   | Found a staircase to the Snake Pit.
 16108 | Lair:2   | Reached XP level 13. HP: 93/116 MP: 13/13
 16160 | Lair:2   | Reached skill level 14 in Shields
 16551 | Lair:2   | Received a gift from Okawaru
 16761 | Lair:2   | Got a smoking marble ring
 16762 | Lair:2   | Identified the ring "Gahuuphi" {rN+ Str+3 Dex+3} (You found it on level 2 of the Lair of Beasts)
 17376 | Lair:3   | Reached skill level 5 in Dodging
 17589 | Lair:3   | Reached skill level 15 in Shields
 18263 | Lair:4   | Found a staircase to the Swamp.
 19082 | Lair:4   | Received a gift from Okawaru
 19651 | Lair:4   | Reached skill level 16 in Shields
 19652 | Lair:4   | Reached XP level 14. HP: 64/126 MP: 12/14
 19960 | Lair:5   | Found a staircase to the Slime Pits.
 19996 | Lair:5   | Received a gift from Okawaru
 20020 | Lair:5   | Got a dazzling falchion {god gift}
 20021 | Lair:5   | Identified the +1 falchion of Winter {protect, Str+3} (Okawaru gifted it to you on level 5 of the Lair of Beasts)
 20649 | Lair:6   | Entered Level 6 of the Lair of Beasts
 21029 | Lair:6   | Received a gift from Okawaru
 21038 | Lair:6   | Reached skill level 15 in Long Blades
 21166 | Lair:6   | Reached skill level 17 in Shields
 21656 | Lair:6   | Paralysed by a hornet for 1 turns
 21952 | Lair:6   | Found a runed door.
 22011 | Lair:6   | Received a gift from Okawaru
 22014 | Lair:6   | Got a shimmering long sword {god gift}
 22025 | Lair:6   | Identified the +8 long sword of Woallic {freeze, rPois Int+4} (Okawaru gifted it to you on level 6 of the Lair of Beasts)
 22542 | D:13     | Found Zewi's General Store.
 22566 | D:13     | Found a labyrinth entrance.
 22575 | Lab      | Entered a labyrinth
 23319 | D:13     | Received a gift from Okawaru
 23924 | D:13     | Reached skill level 18 in Shields
 23924 | D:13     | Reached XP level 15. HP: 135/135 MP: 15/15
 23932 | D:13     | Got a slimy cloak
 23945 | D:13     | Identified the +1 cloak of Snakes and Ladders {rElec Int+4 SInv} (You found it on level 13 of the Dungeon)
 24299 | D:14     | Found a gate to the Vaults.
 24510 | D:14     | Found a shadowy altar of Dithmenos.
 24566 | D:14     | Found a blossoming altar of Fedhas.
 24741 | D:15     | Entered Level 15 of the Dungeon
 24755 | D:15     | Noticed Urug
 24761 | D:15     | Killed Urug
 24894 | D:15     | Found a burning altar of Makhleb.
 24894 | D:15     | Found an iron altar of Okawaru.
 24895 | D:15     | Found a stormy altar of Qazlal.
 25749 | D:15     | Received a gift from Okawaru
 26090 | D:15     | Noticed a storm dragon
 26103 | D:15     | Killed a storm dragon
 26123 | D:15     | Noticed a storm dragon
 26144 | D:15     | Killed a storm dragon
 26694 | D:15     | Identified the Collected Works on Freezing Black Rites
 26940 | Lair:1   | Identified a scroll of acquirement
 27279 | D:15     | Found a staircase to the Depths.
 27317 | D:15     | Reached skill level 15 in Armour
 27820 | D:15     | Received a gift from Okawaru
 27856 | D:15     | Reached XP level 16. HP: 87/147 MP: 16/16
 28712 | Orc:2    | Found Osusoogurgh's General Store.
 28712 | Orc:2    | Found Purokk's Antique Weapon Emporium.
 28714 | Orc:2    | Found Asismot's Jewellery Emporium.
 28718 | Orc:2    | Found Waag's Distillery.
 28721 | Orc:2    | Bought a potion of mutation for 120 gold pieces
 28723 | Orc:2    | Bought a steaming long sword for 212 gold pieces
 28723 | Orc:2    | Identified the +2 long sword of Inolace {flame, +Blink +Rage Str-3 SInv} (You bought it in a shop on level 2 of the Orcish Mines)
 29031 | Orc:2    | Noticed Nessos
 29049 | Orc:2    | Killed Nessos
 29770 | Swamp:1  | Entered Level 1 of the Swamp
 29775 | Swamp:1  | Reached skill level 15 in Fighting
 29813 | Swamp:1  | Found an iron altar of Okawaru.
 29892 | Swamp:1  | Reached skill level 19 in Shields
 29954 | Swamp:1  | Received a gift from Okawaru
 31207 | Swamp:2  | Noticed Kirke
 31222 | Swamp:2  | Killed Kirke
 31710 | Swamp:3  | Received a gift from Okawaru
 32050 | Swamp:3  | Noticed a thorn hunter
 32058 | Swamp:3  | Killed a thorn hunter
 32278 | Swamp:4  | Entered Level 4 of the Swamp
 32526 | Swamp:4  | Noticed a thorn hunter
 32544 | Swamp:4  | Killed a thorn hunter
 32547 | Swamp:4  | Noticed a thorn hunter
 32615 | Swamp:4  | Noticed a thorn hunter
 32617 | Swamp:4  | Noticed Bai Suzhen
 32623 | Swamp:4  | Got a translucent long sword
 32638 | Swamp:4  | Killed a thorn hunter
 32638 | Swamp:4  | Reached XP level 17. HP: 13/158 MP: 17/17
 32699 | Swamp:4  | Received a gift from Okawaru
 32699 | Swamp:4  | Killed from afar by a lindwurm

Skill      XL: |  1  2  3  4  5  6  7  8  9 10 11 12 13 14 15 16 |
---------------+-------------------------------------------------+-----
Armour         | 4 5 6 8 9 10 11 12 13 15 | 15.8
Shields        | 4 5 6 7 9 10 12 13 16 18 19 | 19.7
Fighting       | 4 5 6 7 8 9 11 12 13 14 16 | 16.1
Long Blades    | 3 4 5 6 8 10 11 13 14 15 16 17 | 17.3
Dodging        | 1 2 3 4 5 6 7 8 |  8.3
Invocations    | 2 |  2.5
Stealth        | 1 2 3 |  3.8

Action                   |  1- 3 |  4- 6 |  7- 9 | 10-12 | 13-15 | 16-18 || total
-------------------------+-------+-------+-------+-------+-------+-------++-------
Melee: Long sword        |    77 |    82 |   439 |    10 |   567 |   549 ||  1724
       Headbutt          |     8 |    22 |   100 |   251 |   523 |   208 ||  1112
       Falchion          |       |       |       |   914 |   749 |       ||  1663
Invok: Heroism           |       |       |     3 |    10 |     4 |     1 ||    18
  Use: Scroll            |     9 |       |       |    19 |     9 |     5 ||    42
       Potion            |       |     1 |     1 |     6 |       |     2 ||    10
 Stab: Petrified         |       |       |       |       |     2 |       ||     2
       Petrifying        |       |       |       |       |     1 |       ||     1
       Confused          |       |       |       |       |       |     1 ||     1
  Eat: Chunk             |       |     4 |    15 |    21 |    55 |    14 ||   109
       Ration            |       |     1 |       |     2 |     1 |       ||     4
Armor: Chain mail        |    53 |    46 |   114 |   223 |   556 |   326 ||  1318
       Plate armour      |       |       |    63 |    47 |       |       ||   110
       Scale mail        |       |       |       |     8 |       |       ||     8
Dodge: Dodged            |    21 |    22 |    96 |   252 |   527 |   326 ||  1244
Block: Shield            |    58 |    49 |   292 |   647 |   668 |       ||  1714
       Buckler           |       |       |       |       |   221 |   282 ||   503
       Rpst.: Long sword |     9 |     6 |    20 |     1 |    51 |    59 ||   146
       Falchion          |       |       |       |    48 |    76 |       ||   124
